 Dungeon Crawl Stone Soup version 0.29-a0-824-gd827844252 (webtiles) character file.

Game seed: 10687445077846702141

65 Malachi the Magician (level 4, 0/27 HPs)
             Began as an Octopode Fire Elementalist on July 10, 2022.
             Slain by a hobgoblin (4 damage)
             ... led by Robin
             ... on level 3 of the Dungeon.
             The game lasted 00:01:58 (1737 turns).

Malachi the Magician (Octopode Fire Elementalist)   Turns: 1737, Time: 00:01:59

Health: 0/27       AC:  1    Str:  7    XL:     4   Next: 13%
Magic:  2/9        EV: 13    Int: 19    God:
Gold:   49         SH:  0    Dex: 12    Spells: 9/10 levels left

rFire   . . .      SeeInvis .   (no weapon)
rCold   . . .      Faith    .   (no shield)
rNeg    . . .      Spirit   .   (helmet restricted)
rPois   .          Reflect  .   (no amulet)
rElec   .          Harm     .   (no ring)
rCorr   .          Rampage  .   (no ring)
Will    .....                   (no ring)
Stlth   +++.......              (no ring)
HPRegen 0.09/turn               (no ring)
MPRegen 0.11/turn               (no ring)
                                (no ring)
                                (no ring)

@: mighty, attractive, flying
A: almost no armour, amphibious, 8 rings, camouflage 1, gelatinous body 1,
(nimble swimmer 1), tentacles
a: no special abilities


You were on level 3 of the Dungeon.
You visited 1 branch of the dungeon, and saw 4 of its levels.

You collected 49 gold pieces.

Inventory:

Jewellery
 m - an amulet of reflection
Scrolls
 d - a scroll of summoning {unknown}
 f - a scroll of magic mapping {unknown}
 h - a scroll of identify {unknown}
 i - a scroll of enchant armour {unknown}
 k - a scroll of vulnerability {unknown}
 l - a scroll of teleportation {unknown}
 n - a scroll of immolation {unknown}
Potions
 a - a potion of magic
 b - a potion of heal wounds
 j - a potion of ambrosia {unknown}


   Skills:
 + Level 0.4 Fighting
 - Level 2.0 Dodging
 - Level 2.6 Stealth
 + Level 3.9 Spellcasting
 - Level 1.0 Conjurations
 - Level 3.0 Fire Magic


You had 9 spell levels left.
You knew the following spells:

 Your Spells              Type           Power      Damage    Failure   Level
a - Foxfire               Conj/Fire      44%        2x1d6     6%          1

Your spell library contained the following spells:

 Spells                   Type           Power      Damage    Failure   Level
 Scorch                   Fire           30%        2d7       6%          2
 Conjure Flame            Conj/Fire      11%        6-21      19%         3
 Inner Flame              Hex/Fire       9%         N/A       22%         3
 Flame Wave               Conj/Fire      11%        2d5       52%         4


Dungeon Overview and Level Annotations

Branches:
Dungeon (4/15)
 Temple: D:4-7

Altars:
Cheibriados


Innate Abilities, Weirdness & Mutations

You cannot wear most types of armour.
You are amphibious.
You can wear up to eight rings at the same time.
Your skin changes colour to match your surroundings (Stealth+).
Your rubbery body absorbs attacks. (AC +1, EV +1)
((You are camouflaged when in or above water. (Stealth+)))
You have tentacles for arms and can constrict up to eight enemies at once.


Message History

The giant cockroach completely misses you.
You tentacle-slap the hobgoblin but do no damage.
Your grab misses the hobgoblin. Your squeeze misses the hobgoblin.
The hobgoblin is severely wounded.
The foxfire hits the giant cockroach.
You kill the giant cockroach!
The hobgoblin hits you.
* * * LOW HITPOINT WARNING * * *
You tentacle-slap the hobgoblin but do no damage.
You grab the hobgoblin.
You squeeze the hobgoblin, but do no damage.
The hobgoblin is severely wounded.
You constrict the hobgoblin.
You kill the hobgoblin!
A hobgoblin comes into view.
The hobgoblin hits you.
* * * LOW HITPOINT WARNING * * *
It was a potion of heal wounds.
You feel much better. The hobgoblin hits you.
The goblin hits you with a +0 club.
Your magical contamination has completely faded away.
It was a potion of might.
You feel very mighty all of a sudden. The hobgoblin closely misses you.
The goblin hits you with a +0 club.
* * * LOW HITPOINT WARNING * * *
Unknown command.
It was a potion of flight.
You feel very buoyant.
You fly up into the air.
The hobgoblin closely misses you. The goblin hits you with a +0 club.
* * * LOW HITPOINT WARNING * * *
It was a potion of attraction.
You feel attractive to monsters.
The goblin no longer looks unusually strong.
A goblin comes into view. It is wielding a +0 club.
The hobgoblin misses you. The goblin hits you but does no damage.
The goblin is attracted toward you.
You barely miss the goblin. You grab the goblin.
You constrict the goblin, but do no damage.
The hobgoblin hits you.
You die...

..gg......#
.#######g## #g#
#.# ### #§# ..
#§# #. #§#
#g###########.#
#.@gggg..§...)#
###############


You could see 2 hobgoblins and 3 goblins.

Vanquished Creatures
  Robin (D:3)
  2 adders (D:2)
  A dart slug (D:1)
  2 ball pythons (D:1)
  4 endoplasms
  2 giant cockroaches
  6 goblins
  4 hobgoblins
  2 quokkas (D:1)
  2 bats (D:1)
  3 kobolds (D:1)
  3 rats (D:1)
32 creatures vanquished.

Vanquished Creatures (others)
  76 foxfires
76 creatures vanquished.

Grand Total: 108 creatures vanquished

Notes
Turn   | Place    | Note
-------+----------+-------------------------------------------
     0 | D:1      | Malachi the Octopode Fire Elementalist began the quest for
                  | the Orb.
     0 | D:1      | Reached XP level 1. HP: 11/11 MP: 3/3
   320 | D:1      | Reached XP level 2. HP: 17/17 MP: 0/5
  1135 | D:1      | Reached XP level 3. HP: 21/21 MP: 7/7
  1550 | D:2      | Found a snail-covered altar of Cheibriados.
  1675 | D:2      | You fall into a shaft and drop 1 floor!
  1685 | D:3      | Noticed Robin
  1726 | D:3      | Killed Robin
  1727 | D:3      | Reached XP level 4. HP: 14/27 MP: 4/9
  1732 | D:3      | HP: 1/27 [hobgoblin[Robin] (3)]
  1737 | D:3      | Slain by a hobgoblin

Illustrated notes

Levels and vault maps discovered:
D:1:      psy_arrival_fountain, layout_basic
D:2:      layout_basic, basic_altar, minmay_misc_feat_rows, nicolae_hexahallways
D:3:      layout_loops_ring, uniq_terence, uniq_ijyb, uniq_crazy_yiuf_cottage,
          uniq_sigmund, uniq_robin
D:4:      layout_gridville, gup_sewer_entry_bubbles, uniq_blork_the_orc

Skill      XL: |  1  2 |
---------------+-------+-----
Spellcasting   | 3 |  3.9
Fighting       | |  0.4
Dodging        | |  2.0
Stealth        | |  2.6
Conjurations   | |  1.0
Fire Magic     | |  3.0

Action                   |  1- 3 |  4- 6 || total
-------------------------+-------+-------++-------
Melee: Unarmed           |    30 |     4 ||    34
       Tentacles         |     8 |     2 ||    10
       Constrict         |     8 |     2 ||    10
 Cast: Foxfire           |    48 |     2 ||    50
  Use: Potion            |       |     4 ||     4
 Stab: Sleeping          |     2 |       ||     2
Armor: Skin              |     2 |     1 ||     3
Dodge: Dodged            |    26 |     8 ||    34

Table legend: (Time is in decaauts)
 A = Elapsed time spent in this place.
 B = Non-inter-level travel time spent in this place.
 C = Inter-level travel time spent in this place.
 D = Time resting spent in this place.
 E = Time spent auto-exploring this place.
 F = Levels seen in this place.
 G = Mean time per level.
                   A        B        C        D        E       F      G
               +--------+--------+--------+--------+--------+-----+--------+
         Total |   1736 |   1702 |     34 |      0 |   1472 |   4 |  434.0 |
       Dungeon |   1736 |   1702 |     34 |      0 |   1472 |   4 |  434.0 |
               +--------+--------+--------+--------+--------+-----+--------+

Top non-repeatable levels by time:
     D:1: 1190 daAuts
     D:2: 484 daAuts
     D:3: 60 daAuts
     D:4: 1 daAuts
